 Dungeon Crawl Stone Soup version 0.28-a0-1493-g08698888e4 (webtiles) character file.

Game seed: 5485785162439525837

96 croobank the Insei (level 4, -1/36 HPs)
             Began as a Draconian Transmuter on Jan 12, 2022.
             Killed by divine providence
             ... invoked by an orc priest
              (10 damage)
             ... on level 2 of the Dungeon.
             The game lasted 00:07:01 (1479 turns).

croobank the Insei (Draconian Transmuter)           Turns: 1479, Time: 00:07:07

Health: -1/36      AC: 12    Str: 13    XL:     4   Next: 41%
Magic:  6/7        EV: 12    Int: 13    God:
Gold:   86         SH:  0    Dex: 13    Spells: 4/7 levels left

rFire   . . .      SeeInvis .   a - +2 mace (protect)
rCold   . . .      Faith    .   (no shield)
rNeg    . . .      Spirit   .   (armour unavailable)
rPois   .          Reflect  .   (helmet currently unavailable)
rElec   .          Harm     .   (no cloak)
rCorr   .          Rampage  .   (no gloves)
Will    .....                   (boots currently unavailable)
Stlth   +.........              (no amulet)
HPRegen 0.12/turn               (no ring)
MPRegen 0.10/turn               (no ring)

@: appendages, under a protective aura
A: horns 2, talons 2, AC +5, unfitting armour, cold-blooded
a: End Transformation


You were on level 2 of the Dungeon.
You had temporarily grown beastly horns and talons.
You visited 1 branch of the dungeon, and saw 2 of its levels.

You collected 86 gold pieces.

Inventory:

Hand Weapons
 a - a +2 mace of protection (weapon)
 b - a +0 hunting sling
Missiles
 c - 12 arrows
 i - 9 sling bullets
 j - 38 stones
Jewellery
 d - a ring of fire
Scrolls
 f - 4 scrolls of identify {unknown}
 g - a scroll of blinking {unknown}
 k - a scroll of brand weapon {unknown}
Potions
 e - 2 potions of curing {unknown}
 h - a potion of degeneration {unknown}


   Skills:
 - Level 1.7 Fighting
 + Level 2.3 Maces & Flails
 + Level 1.6 Slings
 - Level 2.1 Dodging
 - Level 3.0 Unarmed Combat
 - Level 2.1 Spellcasting
 - Level 2.3 Transmutations


You had 4 spell levels left.
You knew the following spells:

 Your Spells              Type           Power      Damage    Failure   Level
a - Beastly Appendage     Tmut           14%        N/A       10%         1
b - Wereblood             Tmut           7%         N/A       14%         2

Your spell library contained the following spells:

 Spells                   Type           Power      Damage    Failure   Level
 Spider Form              Tmut/Pois      4%         N/A       43%         3
 Call Canine Familiar     Summ           1%         N/A       58%         3
 Portal Projectile        Hex/Tloc       2%         N/A       58%         3
 Ice Form                 Ice/Tmut       4%         N/A       83%         4
 Leda's Liquefaction      Hex/Erth       0%         N/A       94%         4


Dungeon Overview and Level Annotations

Branches:
Dungeon (2/15)

Altars:
Yredelemnul


Innate Abilities, Weirdness & Mutations

You have temporarily grown beastly horns and talons.
Your plain brown scales are hard. (AC +5)
You cannot fit into any form of body armour.
You are cold-blooded and may be slowed by cold attacks.


Message History

The orc wizard misses you.
You miss the orc wizard. Your kick misses the orc wizard.
Your headbutt misses the orc wizard. You tail-slap the orc wizard.
You kill the orc wizard!
Things that are here:
a +0 dagger; a +0 robe An orc priest comes into view.
It is wielding a +0 club.
The orc priest shouts!
You hear a shout!
An orc comes into view. It is wielding a +0 flail.
The orc priest mumbles some strange prayers to Beogh against you.
Beogh smites you!
An orc wizard comes into view. It is wielding a +0 dagger.
Your horns disappear.
Your talons disappear.
The orc wizard shouts!
The orc wizard casts a spell.
The orc wizard flickers and vanishes!
Deactivating autopickup; reactivate with Ctrl-A.
The orc priest looks braver for a moment.
You see here a sling bullet.
The orc priest calls down the wrath of Beogh upon you.
Pain shoots through your body!
Casting: Beastly Appendage (safe; 10% risk of failure)
Confirm with . or Enter, or press ? or * to list all spells.
You grow a pair of large bovine horns.
Your feet morph into talons.
You barely miss the orc priest. You claw the orc priest.
The orc priest is moderately wounded.
The orc priest hits you but does no damage.
You hit the orc priest.
Your weapon exudes an aura of protection.
You claw the orc priest.
You headbutt the orc priest, but do no damage.
The orc priest is almost dead.
The orc priest miscasts a cantrip.
You closely miss the orc priest. Your headbutt misses the orc priest.
The orc priest is almost dead.
The orc priest hits you with a +0 club.
* * * LOW HITPOINT WARNING * * *
The orc priest invokes the aid of Beogh against you.
Beogh smites you!
You die...

#####.........#
#...
#....#####+####
###'## #.##.#
#.# #.....
#.#####.#
#.....
#.....#.#
#.....
#####.#o#
#..... #.#{#
#..... #.#o#
#..... #.#@#
#..... #.#(#
#..... ###.#.#
#..... #...#.#
##.... #.###.#
#.### #.###)#
#.... #.....#
##### #######


You could see an orc priest and an orc.

Vanquished Creatures
  An orc wizard (D:2)
  Robin (D:2)
  An adder (D:2)
  2 worms (D:2)
  A dart slug (D:1)
  3 endoplasms
  10 goblins
  7 hobgoblins
  A ball python (D:2)
  4 bats
  3 frilled lizards
  6 kobolds
  3 rats
43 creatures vanquished.

Notes
Turn   | Place    | Note
-------+----------+-------------------------------------------
     0 | D:1      | croobank the Draconian Transmuter began the quest for the
                  | Orb.
     0 | D:1      | Reached XP level 1. HP: 16/16 MP: 3/3
   292 | D:1      | Reached XP level 2. HP: 23/23 MP: 3/5
   566 | D:1      | Learned a level 2 spell: Wereblood
   921 | D:2      | Reached skill level 1 in Maces & Flails
   935 | D:2      | Reached XP level 3. HP: 18/29 MP: 6/6
  1059 | D:2      | Found a basalt altar of Yredelemnul.
  1319 | D:2      | Noticed Robin
  1334 | D:2      | Reached skill level 1 in Slings
  1342 | D:2      | Killed Robin
  1343 | D:2      | Reached XP level 4. HP: 36/36 MP: 4/7
  1479 | D:2      | Killed from afar by an orc priest

Illustrated notes

Levels and vault maps discovered:
D:1:      dpeg_arrival_long_road, layout_basic
D:2:      layout_basic, basic_altar, uniq_robin

Skill      XL: |  1  2  3 |
---------------+----------+-----
Dodging        | 2 |  2.1
Maces & Flails | 1 2 |  2.3
Slings         | 1 |  1.6
Fighting       | |  1.7
Unarmed Combat | |  3.0
Spellcasting   | |  2.1
Transmutations | |  2.3

Action                   |  1- 3 |  4- 6 || total
-------------------------+-------+-------++-------
Melee: Mace              |    78 |     9 ||    87
       Headbutt          |    11 |     1 ||    12
       Unarmed           |     4 |       ||     4
       Kick              |    17 |     3 ||    20
       Tailslap          |     8 |     2 ||    10
 Fire: Hunting sling     |     5 |     5 ||    10
 Cast: Beastly Appendage |    24 |     3 ||    27
       Wereblood         |     2 |       ||     2
 Stab: Sleeping          |     1 |       ||     1
Armor: Skin              |    39 |     3 ||    42
Dodge: Dodged            |    42 |     6 ||    48

Table legend: (Time is in decaauts)
 A = Elapsed time spent in this place.
 B = Non-inter-level travel time spent in this place.
 C = Inter-level travel time spent in this place.
 D = Time resting spent in this place.
 E = Time spent auto-exploring this place.
 F = Levels seen in this place.
 G = Mean time per level.
                   A        B        C        D        E       F      G
               +--------+--------+--------+--------+--------+-----+--------+
         Total |   1504 |   1492 |     12 |    217 |    811 |   2 |  752.0 |
       Dungeon |   1504 |   1492 |     12 |    217 |    811 |   2 |  752.0 |
               +--------+--------+--------+--------+--------+-----+--------+

Top non-repeatable levels by time:
     D:1: 826 daAuts
     D:2: 678 daAuts
